 Seeded DCSS version 0.30-a0-830-gfe289a77b0 (webtiles) character file.

Game seed: 9545873883287505910 (custom seed)

27820 hikkokomori the Fighter (level 13, -4/106 HPs)
             Began as a Merfolk Gladiator on Mar 1, 2023.
             Was a High Priest of Lugonu.
             Slain by a skyshark (8 damage)
             ... on level 4 of the Lair of Beasts.
             The game lasted 00:24:41 (13100 turns).

hikkokomori the Fighter (Merfolk Gladiator)        Turns: 13100, Time: 00:24:42

Health: -4/106     AC:  6    Str: 24    XL:     13   Next: 34%
Magic:  19/19      EV: 20    Int: 15    God:    Lugonu [*****.]
Gold:   622        SH:  0    Dex: 21    Spells: 19/19 levels left

rFire   + . .      SeeInvis +    o - +9 war axe of Kish {vamp, *Corrode rF+ Int+3 Dex+3}
rCold   . . .      Faith    .    (no shield)
rNeg    + . .      Spirit   .    g - +2 robe of Savvapax {Str+4 Dex+2}
rPois   .          Reflect  .    B - +0 helmet
rElec   .          Harm     .    r - +1 cloak "Xiaggoha" {Str+3 SInv}
rCorr   +          Rampage  .    M - +0 pair of gloves
Will    .....                    h - +0 pair of boots
Stlth   +++++                    c - amulet "Usseudin" {Acrobat Int+3}
HPRegen 0.37/turn                k - ring of resist corrosion
MPRegen 0.16/turn                y - ring of positive energy

@: corroded
A: (nimble swimmer 2), mertail
a: Renounce Religion, Depart the Abyss, Banish, Corrupt, Enter the Abyss


You were on level 4 of the Lair of Beasts.
You worshipped Lugonu.
Lugonu was extremely pleased with you.
You visited 2 branches of the dungeon, and saw 15 of its levels.
You visited the Abyss 1 time.

You collected 753 gold pieces.
You spent 131 gold pieces at shops.

Inventory:

Hand Weapons
 a - a +0 long sword
 o - the +9 war axe of Kish (weapon) {vamp, *Corrode rF+ Int+3 Dex+3}
   (You found it on level 3 of the Dungeon)

   Int:       It affects your intelligence (+3).
   Dex:       It affects your dexterity (+3).
   rF:        It protects you from fire.
   *Corrode:  It may corrode you when you take damage.
Missiles
 d - 3 throwing nets (quivered)
 e - 7 javelins
 s - 8 atropa-tipped darts
Armour
 g - the +2 robe of Savvapax (worn) {Str+4 Dex+2}
   (You bought it in a shop on level 4 of the Dungeon)

   Str:       It affects your strength (+4).
   Dex:       It affects your dexterity (+2).
 h - a +0 pair of boots (worn)
 r - the +1 cloak "Xiaggoha" (worn) {Str+3 SInv}
   (You acquired it on level 3 of the Dungeon)

   Str:       It affects your strength (+3).
   SInv:      It lets you see invisible.
 B - a +0 helmet (worn)
 M - a +0 pair of gloves (worn)
Jewellery
 c - the amulet "Usseudin" (around neck) {Acrobat Int+3}
   (You found it on level 7 of the Dungeon)

   [amulet of the acrobat]

   It increases your evasion while moving and waiting.
   Int:       It affects your intelligence (+3).
 f - an amulet of faith
 k - a ring of resist corrosion (left hand)
 w - a ring of positive energy
 y - a ring of positive energy (right hand)
 H - a +6 ring of intelligence
 K - a ring of positive energy
 L - a ring of poison resistance
 N - a +6 ring of intelligence
Wands
 u - a wand of charming (11)
 C - a wand of iceblast (1)
 D - a wand of flame (8)
 O - a wand of acid (13)
Scrolls
 b - a scroll of torment {unknown}
 t - 5 scrolls of fog {unknown}
 v - 3 scrolls of enchant weapon {unknown}
 A - 2 scrolls of teleportation
 E - 2 scrolls of fear
 G - 4 scrolls of blinking {unknown}
 I - a scroll of amnesia
 J - a scroll of enchant armour {unknown}
 Q - a scroll of identify
Potions
 i - 3 potions of might
 j - 5 potions of flight
 l - a potion of brilliance
 m - 2 potions of curing
 n - 2 potions of heal wounds
 p - a potion of lignification {unknown}
 q - 2 potions of degeneration
 x - 3 potions of haste
 z - 2 potions of invisibility
 F - a potion of ambrosia
 P - a potion of attraction {unknown}


   Skills:
 + Level 11.5 Fighting
 - Level 4.2 Long Blades
 + Level 8.5 Axes
 + Level 3.9 Throwing
 - Level 4.5 Armour
 - Level 11.4 Dodging
 + Level 9.9 Stealth
 + Level 3.7 Spellcasting
 - Level 9.1 Invocations
 - Level 4.1 Evocations


You had 19 spell levels left.
You didn't know any spells.
Your spell library contained the following spells:

 Spells                   Type           Power      Damage    Failure   Level
 Apportation              Tloc           4%         N/A       19%         1
 Foxfire                  Conj/Fire      8%         2x1d4     19%         1
 Freeze                   Ice            8%         1d3       19%         1
 Necrotise                Necr           8%         1d4       19%         1
 Summon Small Mammal      Summ           8%         N/A       19%         1
 Lesser Beckoning         Tloc           4%         N/A       28%         2
 Call Canine Familiar     Summ           2%         N/A       50%         3
 Frozen Ramparts          Ice            4%         1d1       50%         3
 Gell's Gravitas          Tloc           2%         N/A       50%         3
 Hailstorm                Conj/Ice       2%         3d3       50%         3
 Mephitic Cloud           Conj/Pois/Air  2%         N/A       50%         3
 Summon Guardian Golem    Hex/Summ       2%         N/A       50%         3
 Teleport Other           Tloc           2%         N/A       50%         3
 Flame Wave               Conj/Fire      2%         2d4       88%         4
 Ice Form                 Ice/Tmut       2%         N/A       88%         4
 Manifold Assault         Tloc           2%         N/A       88%         4
 Summon Ice Beast         Ice/Summ       2%         N/A       88%         4
 Alistair's Intoxication  Tmut/Pois      1%         N/A       99%         5
 Borgnjor's Vile Clutch   Necr/Erth      1%         N/A       99%         5
 Fireball                 Conj/Fire      1%         3d3       99%         5
 Lightning Bolt           Conj/Air       1%         1d12      99%         5
 Dispersal                Tloc           1%         N/A       100%        6
 Eringya's Noxious Bog    Tmut/Pois      1%         N/A       100%        6
 Starburst                Conj/Fire      1%         6d3       100%        6
 Disjunction              Tloc           1%         N/A       100%        8


Dungeon Overview and Level Annotations

Branches:
Dungeon (11/15)            Temple (0/1) D:4            Lair (4/5) D:9
 Shoals (0/4) Lair:3        Snake (0/4) Lair:2          Orc (0/2) D:10
  Slime: Lair:4-5

Altars:
Fedhas
Okawaru
Uskayaw
Xom

Shops:
D:2 [   D:4 [   D:10 [

Annotations:
D:9 exclusion: 4 oklob plants


Innate Abilities, Weirdness & Mutations

((You are very nimble when in or above water. (Stealth+, EV+, Speed+++)))
Your lower body shifts to a powerful aquatic tail in water.


Message History

You hit the skyshark.
You feel better.
The skyshark is heavily wounded.
The skyshark closely misses you. The skyshark completely misses you.
The skyshark tail-slaps you.
You slash the skyshark! You punch the skyshark.
The skyshark is severely wounded.
The skyshark bites you but does no damage.
The skyshark barely misses you. The skyshark tail-slaps you.
You slash the skyshark!
You feel better.
The skyshark is severely wounded.
The skyshark bites you.
The skyshark tastes blood and grows stronger!
The skyshark closely misses you. x2
You slice the skyshark!!
You feel better.
The skyshark is almost dead.
The skyshark bites you.
Your corrosive artefact corrodes you!
The skyshark enters a blood-rage!
The skyshark tail-slaps you! The skyshark closely misses you.
You hit the skyshark.
You feel better.
The skyshark is almost dead.
The skyshark bites you! The skyshark tail-slaps you!
The skyshark completely misses you. The skyshark bites you!
The skyshark tail-slaps you but does no damage.
The skyshark barely misses you.
You barely miss the skyshark.
The skyshark is almost dead.
The skyshark bites you but does no damage.
The skyshark tail-slaps you! The skyshark tail-slaps you.
The skyshark bites you but does no damage.
The skyshark tail-slaps you but does no damage.
The skyshark tail-slaps you!
You are too injured to fight recklessly!
Aiming: Iceblast
Press: ? - help, Shift-Dir - straight line, p - skyshark The mass of ice explodes!
The iceblast engulfs the skyshark.
The skyshark is almost dead.
The skyshark bites you!!
* * * LOW HITPOINT WARNING * * *
The skyshark tail-slaps you!
You die...

..................#$........##
.#.......##.P#....#.#....####
#.....<...####....##......##
.†..........##.....##......#
.††.........##....P#.......#
.....♣♣♣♣♣.♣##....###...#..#
..#.♣♣.♣..♣♣ #....#.P.#(#...#
.##.♣.♣.♣♣♣♣♣♣.l...........##
# ..♣♣.♣.♣.♣♣...@.##.####...#
...♣♣♣♣♣.♣.♣.....#.## .###
..♣♣♣♣♣♣.♣♣.....## #
♣.♣..♣♣♣.....# ♣...♣♣ ♣.....#
♣._.♣♣ ♣.....# ♣♣...♣ ♣#....#
♣♣♣♣♣ ......


You could see a skyshark (berserk).

Vanquished Creatures
  A two-headed ogre (D:9)
  A skyshark (Lair:4)
  2 oklob plants (Lair:4)
  15 elephants
  3 black mambas
  2 merfolk sirens (Lair:3)
  A gargoyle (D:9)
  A cane toad (Lair:3)
  A rime drake (Lair:1)
  A kobold demonologist (D:10)
  6 komodo dragons
  2 merfolk (Lair:3)
  2 hornets (D:8)
  12 blink frogs
  A vampire (D:10)
  A shadow (D:10)
  2 wyverns
  40 yaks
  2 basilisks
  Grum (D:9)
  2 steam dragons
  Duvessa (D:7)
  8 water moccasins
  3 sky beasts
  2 ice beasts
  2 black bears
  5 orc warriors
  8 centaurs
  15 wolves
  4 necrophages
  4 bullfrogs
  4 scorpions
  Dowan (D:7)
  4 killer bees (D:10)
  3 howler monkeys (D:10)
  An electric eel (Lair:3)
  4 hounds
  10 orc priests
  A jelly (D:5)
  6 iguanas
  8 orc wizards
  7 adders
  7 gnolls (D:6)
  A shadow imp (D:7)
  A white imp (D:5)
  3 ufetubi
  4 worms
  2 dart slugs
  36 orcs
  6 ball pythons
  4 bats
  8 endoplasms
  6 giant cockroaches
  9 hobgoblins
  4 jackals (D:1)
  4 quokkas
  2 frilled lizards
  9 goblins
  7 kobolds
  3 rats
316 creatures vanquished.

Vanquished Creatures (collateral kills)
  An elephant (Lair:2)
1 creature vanquished.

Vanquished Creatures (others)
  An orc wizard (D:9)
  3 fungi
  2 plants (Lair:2)
  2 starspawn tentacles (Abyss:1)
8 creatures vanquished.

Grand Total: 325 creatures vanquished

Notes
Turn   | Place    | Note
-------+----------+-------------------------------------------
     0 | D:1      | hikkokomori the Merfolk Gladiator began the quest for the
                  | Orb.
     0 | D:1      | Reached XP level 1. HP: 16/16 MP: 1/1
    38 | D:1      | Got the Vellum of the Eleven Servitors
   185 | D:1      | Reached XP level 2. HP: 19/23 MP: 2/2
   251 | D:1      | Found a faded altar of an unknown god.
   760 | D:2      | Reached XP level 3. HP: 28/28 MP: 3/3
  1017 | D:2      | Found Talekk's Armour Shoppe.
  1309 | D:2      | Reached skill level 1 in Armour
  1952 | D:3      | Reached XP level 4. HP: 34/34 MP: 4/4
  2005 | D:3      | Identified the +9 war axe of Kish {vamp, *Corrode rF+ Int+3
                  | Dex+3}
  2571 | D:3      | Identified a scroll of acquirement
  2572 | D:3      | Acquired the +1 cloak "Xiaggoha" {Str+3 SInv}
  2613 | D:4      | Found Roitt's Antique Armour Emporium.
  2640 | D:4      | Bought an ichor-stained robe for 131 gold pieces
  2640 | D:4      | Identified the +2 robe of Savvapax {Str+4 Dex+2} (You
                  | bought it in a shop on level 4 of the Dungeon)
  2722 | D:4      | You fall into a shaft and drop 2 floors!
  2738 | D:6      | Reached XP level 5. HP: 41/41 MP: 5/5
  2753 | D:6      | Reached skill level 1 in Axes
  2837 | D:6      | Reached XP level 6. HP: 45/48 MP: 6/6
  2951 | D:6      | Noticed a sky beast
  2957 | D:6      | Killed a sky beast
  2987 | Abyss:1  | Cast into level 1 of the Abyss (gnoll)
  2993 | Abyss:1  | Noticed a tentacled starspawn
  3029 | Abyss:1  | Noticed a ynoxinul
  3037 | Abyss:1  | Found a corrupted altar of Lugonu.
  3046 | Abyss:1  | Became a worshipper of Lugonu the Unformed
  3046 | Abyss:1  | Reached * piety under Lugonu
  3046 | Abyss:1  | Reached ** piety under Lugonu
  3047 | D:6      | Escaped the Abyss
  3077 | D:5      | Entered Level 5 of the Dungeon
  3465 | D:5      | Reached XP level 7. HP: 54/55 MP: 7/7
  3649 | D:5      | Reached skill level 5 in Fighting
  3656 | D:5      | Reached skill level 5 in Dodging
  3656 | D:5      | Reached XP level 8. HP: 50/62 MP: 8/8
  3873 | D:4      | Found a staircase to the Ecumenical Temple.
  4018 | D:4      | Reached skill level 1 in Invocations
  4096 | D:4      | Found a hide-covered altar of Uskayaw.
  4096 | D:4      | Found a shimmering altar of Xom.
  4995 | D:6      | Found an iron altar of Okawaru.
  5048 | D:6      | Reached XP level 9. HP: 69/69 MP: 11/11
  5168 | D:6      | Reached *** piety under Lugonu
  5568 | D:7      | Identified the amulet "Usseudin" {Acrobat Int+3}
  5588 | D:7      | Noticed Duvessa
  5588 | D:7      | Noticed Dowan
  5596 | D:7      | Killed Duvessa
  5602 | D:7      | Killed Dowan
  5707 | D:7      | Reached skill level 1 in Stealth
  6318 | D:8      | Noticed a hornet
  6321 | D:8      | Paralysed by a hornet for 3 turns
  6325 | D:8      | Killed a hornet
  6326 | D:8      | Reached skill level 5 in Axes
  6326 | D:8      | Reached skill level 5 in Invocations
  6332 | D:8      | Reached XP level 10. HP: 47/79 MP: 13/13
  6889 | D:9      | Noticed a two-headed ogre
  6894 | D:9      | Noticed an elephant
  6898 | D:9      | Killed a two-headed ogre
  6907 | D:9      | Killed an elephant
  7024 | D:9      | Reached **** piety under Lugonu
  7060 | D:9      | Found a staircase to the Lair.
  7110 | D:9      | Noticed an oklob plant
  7112 | D:9      | Noticed an oklob plant
  7217 | D:9      | Identified the +3 shortbow of Noon {drain, rElec Will+
                  | MP+9}
  7235 | D:9      | Noticed Grum
  7383 | D:9      | Noticed a gargoyle
  7393 | D:9      | Killed a gargoyle
  7535 | D:9      | Reached skill level 5 in Stealth
  7653 | D:9      | Killed Grum
  7654 | D:9      | Reached XP level 11. HP: 86/87 MP: 16/16
  7693 | D:9      | Noticed an oklob plant
  7699 | D:9      | Noticed an oklob plant
  7908 | D:10     | Entered Level 10 of the Dungeon
  8343 | D:10     | Found Ibesei's Armour Boutique.
  8884 | D:10     | Found a staircase to the Orcish Mines.
  9073 | Lair:1   | Entered Level 1 of the Lair of Beasts
  9348 | Lair:1   | Reached skill level 10 in Dodging
  9461 | Lair:1   | Reached ***** piety under Lugonu
  9482 | Lair:1   | Reached XP level 12. HP: 97/97 MP: 18/18
  9488 | Lair:1   | Reached skill level 10 in Fighting
 10571 | Lair:2   | Found a staircase to the Snake Pit.
 11798 | Lair:3   | Found a staircase to the Shoals.
 11820 | Lair:3   | Reached skill level 1 in Spellcasting
 11820 | Lair:3   | Reached skill level 1 in Evocations
 12378 | Lair:3   | Reached XP level 13. HP: 106/106 MP: 19/19
 12960 | Lair:4   | Found a blossoming altar of Fedhas.
 13100 | Lair:4   | HP: 4/106 [skyshark (30)]
 13100 | Lair:4   | Slain by a skyshark

Illustrated notes

Levels and vault maps discovered:
D:1:      doesnt_arrival_eight_statues, layout_loops_ring,
          ebering_ecumenical_altar_petrified
D:2:      layout_loops_corners, serial_shops, shop
D:3:      layout_basic
D:4:      layout_rooms, mainiacjoe_overflow_large_starburst,
          minmay_temple_entry_offerings, serial_shops, shop_statue,
          amethyst_killhole, supply_closet_lemuel
D:5:      layout_cave_pods
D:6:      layout_basic, nicolae_overflow_hidden_temple
D:7:      layout_loops_ring, uniq_duvessa
D:8:      layout_loops_ring
D:9:      layout_long_grid, david_lair_generic, kennysheep_path_1,
          disabler_island, uniq_grum
D:10:     layout_long_grid, david_orc_4, serial_shops, kennysheep_little_box
D:11:     lemuel_reptile_caves, layout_basic, nicolae_diode_basic
Lair:1:   layout_cave_pods, columned_hall_lemuel, grunt_megastairs_3
Lair:2:   layout_layer_cave, guppyfry_snake_entry_island
Lair:3:   layout_gridlike, elwin_shoals_entry_stream, infiniplex_staircase_pool,
          grunt_megastairs_4
Lair:4:   layout_gridlike, slime_entry_1, hangedman_tree_tricks,
          beast_lair_carwin_11, grunt_megastairs_1

Skill      XL: |  1  2  3  4  5  6  7  8  9 10 11 12 13 |
---------------+----------------------------------------+-----
Long Blades    | 4 |  4.2
Armour         | 1 2 3 4 |  4.5
Fighting       | 3 4 5 6 7 8 9 11 | 11.5
Throwing       | 3 |  3.9
Axes           | 1 2 3 5 6 7 8 |  8.5
Dodging        | 5 6 7 9 10 11 | 11.4
Invocations    | 3 5 6 8 9 |  9.1
Stealth        | 2 5 7 9 |  9.9
Spellcasting   | 2 3 |  3.7
Evocations     | 2 4 |  4.1

Action                     |  1- 3 |  4- 6 |  7- 9 | 10-12 | 13-15 || total
---------------------------+-------+-------+-------+-------+-------++-------
  Melee: Long sword        |   120 |     1 |       |       |       ||   121
         Punch             |     1 |     1 |     2 |     5 |     3 ||    12
         War axe           |       |    74 |   208 |   439 |   102 ||   823
  Throw: Dart              |       |     1 |       |     2 |     3 ||     6
 Invoke: Depart the Abyss  |       |     1 |       |       |       ||     1
  Evoke: Wand              |       |       |       |     3 |     1 ||     4
    Use: Scroll            |       |     8 |       |     9 |       ||    17
         Potion            |       |     1 |     1 |     2 |       ||     4
   Stab: Sleeping          |     1 |     3 |     3 |     9 |     4 ||    20
         Distracted        |       |       |       |     1 |     1 ||     2
 Armour: Leather armour    |    37 |     6 |       |       |       ||    43
         Robe              |       |    17 |    69 |   113 |    37 ||   236
  Dodge: Dodged            |    90 |    69 |   214 |   623 |   140 ||  1136

Table legend: (Time is in decaauts)
 A = Elapsed time spent in this place.
 B = Non-inter-level travel time spent in this place.
 C = Inter-level travel time spent in this place.
 D = Time resting spent in this place.
 E = Time spent auto-exploring this place.
 F = Levels seen in this place.
 G = Mean time per level.
                   A        B        C        D        E       F      G
               +--------+--------+--------+--------+--------+-----+--------+
         Total |  13294 |  12823 |    471 |    775 |   9528 |  16 |  830.9 |
       Dungeon |   9175 |   8814 |    361 |    549 |   6559 |  11 |  834.1 |
          Lair |   4058 |   3949 |    109 |    226 |   2969 |   4 | 1014.5 |
         Abyss |     59 |     59 |      0 |      0 |      0 |   1 |   59.0 |
               +--------+--------+--------+--------+--------+-----+--------+

Top non-repeatable levels by time:
  Lair:1: 1447 daAuts
  Lair:2: 1399 daAuts
     D:9: 1125 daAuts
     D:5: 1047 daAuts
     D:6: 1040 daAuts
  Lair:3: 1026 daAuts
     D:2: 1023 daAuts
    D:10: 995 daAuts
     D:3: 915 daAuts
     D:8: 894 daAuts
     D:7: 819 daAuts
     D:1: 707 daAuts
     D:4: 605 daAuts
  Lair:4: 185 daAuts
 Abyss:1: 59 daAuts
